 Dungeon Crawl Stone Soup version 0.28.0-53-g5a82cb258f (webtiles) character file.

Game seed: 15974029495324386165

16 bnorton916 the Firebug (level 2, -2/15 HPs)
             Began as a Deep Elf Fire Elementalist on Aug 15, 2022.
             Slain by a centaur skeleton (5 damage)
             ... on level 2 of the Dungeon.
             The game lasted 00:01:16 (1338 turns).

bnorton916 the Firebug (Deep Elf Fire Elementalist) Turns: 1338, Time: 00:01:17

Health: -2/15      AC:  2    Str:  5    XL:     2   Next: 41%
Magic:  8/8        EV: 12    Int: 19    God:
Gold:   40         SH:  0    Dex: 15    Spells: 7/8 levels left

rFire   . . .      SeeInvis .   (no weapon)
rCold   . . .      Faith    .   (no shield)
rNeg    . . .      Spirit   .   a - +0 robe
rPois   .          Reflect  .   (no helmet)
rElec   .          Harm     .   (no cloak)
rCorr   .          Rampage  .   (no gloves)
Will    .....                   (no boots)
Stlth   ++........              (no amulet)
HPRegen 0.05/turn               d - ring of flight
MPRegen 0.11/turn               (no ring)

@: flying
A: no striking features
a: no special abilities


You were on level 2 of the Dungeon.
You visited 1 branch of the dungeon, and saw 2 of its levels.

You collected 40 gold pieces.

Inventory:

Armour
 a - a +0 robe (worn)
Magical Staves
 f - a staff of death
Jewellery
 d - a ring of flight (left hand)
Scrolls
 b - a scroll of teleportation {unknown}
 e - a scroll of holy word {unknown}
Potions
 c - a potion of invisibility {unknown}


   Skills:
 - Level 2.4 Dodging
 - Level 2.4 Stealth
 + Level 3.5 Spellcasting
 + Level 1.8 Conjurations
 + Level 3.6 Fire Magic


You had 7 spell levels left.
You knew the following spells:

 Your Spells              Type           Power      Damage    Failure   Level
a - Foxfire               Conj/Fire      52%        2x1d6     4%          1

Your spell library contained the following spells:

 Spells                   Type           Power      Damage    Failure   Level
 Scorch                   Fire           34%        2d6       4%          2
 Conjure Flame            Conj/Fire      13%        6-21      14%         3
 Inner Flame              Hex/Fire       10%        N/A       21%         3
 Flame Wave               Conj/Fire      13%        2d6       43%         4


Dungeon Overview and Level Annotations

Branches:
Dungeon (2/15)

Altars:


Message History

The goblin shouts!
The foxfire hits the goblin.
You kill the goblin!
A centaur skeleton comes into view.
Casting: Foxfire (safe; 4% risk of failure)
Confirm with . or Enter, or press ? or * to list all spells.
You conjure some foxfire!
The foxfire hits the centaur skeleton.
The centaur skeleton is lightly damaged.
Casting: Foxfire (safe; 4% risk of failure)
Confirm with . or Enter, or press ? or * to list all spells.
You conjure some foxfire!
The foxfire hits the centaur skeleton.
The centaur skeleton is moderately damaged.
The foxfire hits the centaur skeleton.
The centaur skeleton is moderately damaged.
The foxfire hits the centaur skeleton.
The centaur skeleton is heavily damaged.
A centaur skeleton is nearby!
Your foxfire dissipates!
The centaur skeleton misses you. x2
The centaur skeleton closely misses you.
The centaur skeleton kicks you.
The centaur skeleton completely misses you.
The centaur skeleton kicks you. The centaur skeleton hits you.
The centaur skeleton misses you.
You see here a frilled lizard corpse.
The centaur skeleton hits you but does no damage.
The centaur skeleton kicks you.
The centaur skeleton closely misses you.
The centaur skeleton kicks you but does no damage.
The centaur skeleton hits you. The centaur skeleton barely misses you.
The centaur skeleton barely misses you.
The centaur skeleton kicks you but does no damage.
The centaur skeleton barely misses you.
The centaur skeleton kicks you but does no damage.
The centaur skeleton hits you.
* * * LOW HITPOINT WARNING * * *
The centaur skeleton kicks you but does no damage.
The centaur skeleton hits you.
You die...

....! ..... ......
###..)... #........
#.####### #.#.....#
#.#.###.# #.#@#<..#
#.#Z###############
#.#...............#
#.###############.#
#.......†.........#
###################


You could see a centaur skeleton.

Vanquished Creatures
  2 ball pythons (D:1)
  An endoplasm (D:1)
  A giant cockroach (D:1)
  4 goblins
  2 quokkas (D:1)
  A bat (D:1)
  3 frilled lizards
  A kobold (D:1)
15 creatures vanquished.

Vanquished Creatures (others)
  84 foxfires
84 creatures vanquished.

Grand Total: 99 creatures vanquished

Notes
Turn   | Place    | Note
-------+----------+-------------------------------------------
     0 | D:1      | bnorton916 the Deep Elf Fire Elementalist began the quest
                  | for the Orb.
     0 | D:1      | Reached XP level 1. HP: 10/10 MP: 6/6
   386 | D:1      | Reached XP level 2. HP: 15/15 MP: 6/8
   763 | D:1      | Found a faded altar of an unknown god.
  1338 | D:2      | Slain by a centaur skeleton

Illustrated notes

Levels and vault maps discovered:
D:1:      wander_arrival_lonely_grave, layout_basic,
          hellmonk_ecumenical_altar_slurped_away
D:2:      minmay_wonky_spiral, layout_basic, basic_altar

Action                   || total
-------------------------++-------
 Cast: Foxfire           ||    51
Armor: Robe              ||     6
Dodge: Dodged            ||    11
